 Dungeon Crawl Stone Soup version 0.28-b1-1-g3c77fb2ed1 (webtiles) character file.

Game seed: 7923135972429984607

3096 Cykl0x the Slasher (level 9, -4/55 HPs)
             Began as a Gargoyle Conjurer on Jan 27, 2022.
             Was an Initiate of the Shining One.
             Slain by a boulder beetle (19 damage)
             ... on level 7 of the Dungeon.
             The game lasted 00:23:28 (9242 turns).

Cykl0x the Slasher (Gargoyle Conjurer)              Turns: 9242, Time: 00:23:29

Health: -4/55      AC: 21    Str: 14    XL:     9   Next: 90%
Magic:  7/16       EV:  9    Int: 18    God:    the Shining One [......]
Gold:   288        SH:  0    Dex:  8    Spells: 14/17 levels left

rFire   . . .      SeeInvis .   v - +4 falchion
rCold   + . .      Faith    .   (no shield)
rNeg    + . .      Spirit   .   b - +0 scale mail
rPois   ∞          Reflect  .   m - +2 helmet
rElec   +          Harm     .   l - +3 cloak "Ori Kurph" {rC+ Regen+ Str-2 Slay+2}
rCorr   .          Rampage  .   (no gloves)
Will    .....                   (no boots)
Stlth   ..........              (no amulet)
HPRegen 0.98/turn               (no ring)
MPRegen 0.15/turn               (no ring)

@: mighty, glowing, studying Short Blades
A: sickness immunity, AC +6, negative energy resistance 1, electricity
resistance, torment resistance 1, petrification resistance
a: Renounce Religion


You were on level 7 of the Dungeon.
You worshipped the Shining One.
The Shining One was noncommittal.
You visited 2 branches of the dungeon, and saw 8 of its levels.
You also visited: Sewer.

You collected 288 gold pieces.

Inventory:

Hand Weapons
 h - a +0 falchion
 j - a +3 dagger
 v - a +4 falchion (weapon)
Armour
 a - a +0 robe
 b - a +0 scale mail (worn)
 e - a +0 leather armour
 l - the +3 cloak "Ori Kurph" (worn) {rC+ Regen+ Str-2 Slay+2}
   (You found it on level 4 of the Dungeon)

   Str:       It affects your strength (-2).
   Slay:      It affects your accuracy & damage with ranged weapons and melee
   (+2).
   rC:        It protects you from cold.
   Regen:     It increases your rate of health regeneration.
 m - a +2 helmet (worn)
Scrolls
 c - 2 scrolls of enchant weapon
 o - 3 scrolls of blinking
 t - a scroll of noise
 u - a scroll of amnesia
Potions
 d - 2 potions of flight
 f - a potion of mutation
 g - a potion of curing
 i - a potion of might
 n - a potion of attraction
 p - a potion of haste
 r - 2 potions of invisibility
 w - a potion of brilliance
Miscellaneous
 q - a phantom mirror


   Skills:
 * Level 6.0 Fighting
 + Level 1.1(4.4) Short Blades
 + Level 6.8(6.9) Long Blades
 + Level 5.8 Armour
 + Level 2.6 Dodging
 - Level 2.6 Stealth
 + Level 4.9 Spellcasting
 + Level 6.4 Conjurations
 * Level 2.5 Invocations


You had 14 spell levels left.
You knew the following spells:

 Your Spells              Type           Power      Damage    Failure   Level
a - Magic Dart            Conj           100%       1d8       3%          1
b - Searing Ray           Conj           54%        2d6       5%          2

Your spell library contained the following spells:

 Spells                   Type           Power      Damage    Failure   Level
 Static Discharge         Conj/Air       16%        N/A       21%         2
 Dazzling Flash           Conj/Hex       32%        N/A       36%         3
 Passwall                 Tmut/Erth      3%         N/A       58%         2
 Fulminant Prism          Conj/Hex       8%         3d7       78%         4
 Iskenderun's Mystic Bla  Conj/Tloc      16%        2d5       78%         4
 Sticky Flame             Conj/Fire      16%        2d4       78%         4
 Animate Armour           Summ/Erth      8%         N/A       99%         4
 Dispel Undead            Necr           4%         3d7       99%         4
 Lee's Rapid Deconstruct  Erth           2%         3d5*      100%        5


Dungeon Overview and Level Annotations

Branches:
Dungeon (7/15)             Temple (1/1) D:5           Sewer (visited)

Altars:
Ashenzari
Dithmenos
Elyvilon
Gozag
Hepliaklqana
Kikubaaqudgha
Makhleb
Nemelex Xobeh
Okawaru
Qazlal
Trog
Vehumet
Wu Jian
Xom
Yredelemnul
Zin
The Shining One

Shops:
D:4 (

Annotations:
D:4 2 transporters, hannobal's ghost, amateur DjIE


Innate Abilities, Weirdness & Mutations

You are immune to sickness and miasma.
Your stone body is resilient. (AC +6)
You are immune to poison.
You resist negative energy. (rN+)
You are resistant to electric shocks. (rElec)
You are resistant to unholy torment.
You are immune to petrification.


Message History

Confirm with . or Enter, or press ? or * to list all spells.
Aiming: Magic Dart (safe; 3% risk of failure)
Press: ? - help, Shift-Dir - straight line, f/p - boulder beetle
Aim: a boulder beetle (heavily wounded, 100% to hit)
The magic dart hits the boulder beetle but does no damage.
The boulder beetle is heavily wounded.
Casting: Magic Dart (safe; 3% risk of failure)
Confirm with . or Enter, or press ? or * to list all spells.
Aiming: Searing Ray (safe; 5% risk of failure)
Press: ? - help, Shift-Dir - straight line, f/p - boulder beetle
Aim: a boulder beetle (heavily wounded, 100% to hit)
The searing ray hits the boulder beetle but does no damage.
The boulder beetle is heavily wounded. (Press . to maintain the ray.)
The boulder beetle curls into a ball and begins rolling!
The searing ray hits the boulder beetle.
The boulder beetle is heavily wounded.
The searing ray hits the boulder beetle but does no damage.
The boulder beetle is heavily wounded.
The boulder beetle hits you!
The boulder beetle stops rolling and uncurls.
You finish channelling your searing ray.
The boulder beetle closely misses you.
Casting: Searing Ray (safe; 5% risk of failure)
Confirm with . or Enter, or press ? or * to list all spells.
Aiming: Searing Ray (safe; 5% risk of failure)
Press: ? - help, Shift-Dir - straight line, f/p - boulder beetle
Aim: a boulder beetle (heavily wounded, 100% to hit)
The searing ray hits the boulder beetle but does no damage.
The boulder beetle is heavily wounded. (Press . to maintain the ray.)
The boulder beetle barely misses you.
The searing ray hits the boulder beetle but does no damage.
The boulder beetle is heavily wounded.
The boulder beetle bites you!
* * * LOW HITPOINT WARNING * * *
You hit the boulder beetle but do no damage.
The boulder beetle is heavily wounded.
The boulder beetle bites you!!
You die...

...# ..# .... #...## ...##
#....# #..# #....###
#..#####......##
####.............## #
####.................#
.#######....##.<@B..........#
...##....####....(.........#
#....#### #...............###
# #..###
#.............##..#### #.##
#............#####.... ##.#
#......)....## ##..## #..#
#..#######.## #.)## #.##
#..###Z######## #..# #.#
#####§#T##.'..###.##


You could see a boulder beetle.

Vanquished Creatures
  An ugly thing (D:6)
  The ghost of AuftragZ the Conjurer, a novice DrCj of Vehumet (D:6)
  Grinder (D:5)
  Prince Ribbit (D:5)
  Edmund (D:4)
  An orc warrior (D:4)
  2 black bears
  An ogre (D:4)
  A centaur (D:7)
  2 phantoms
  A kobold brigand (Sewer)
  2 scorpions
  A wyvern zombie (D:5)
  4 wights (D:5)
  A howler monkey (D:5)
  3 bullfrog zombies
  2 centaur zombies
  3 hounds
  A jelly (D:4)
  A human zombie (D:5)
  3 iguanas
  4 orc wizards
  2 scorpion zombies (D:5)
  A hound zombie (D:4)
  A mummy (D:5)
  A howler monkey zombie (D:6)
  6 gnolls
  8 adders
  4 river rats (Sewer)
  A shadow imp (D:7)
  An ufetubus (D:5)
  2 worms
  3 dart slugs
  17 orcs
  7 bats
  8 endoplasms
  6 giant cockroaches
  6 goblins
  12 hobgoblins
  14 jackals
  5 quokkas
  14 ball pythons
  7 frilled lizards
  13 kobolds
  17 rats
194 creatures vanquished.

Vanquished Creatures (others)
  6 plants (Sewer)
6 creatures vanquished.

Grand Total: 200 creatures vanquished

Notes
Turn   | Place    | Note
-------+----------+-------------------------------------------
     0 | D:1      | Cykl0x the Gargoyle Conjurer began the quest for the Orb.
     0 | D:1      | Reached XP level 1. HP: 10/10 MP: 3/3
    41 | D:1      | Found a faded altar of an unknown god.
   416 | D:1      | Reached XP level 2. HP: 5/15 MP: 0/5
   644 | D:1      | Learned a level 2 spell: Searing Ray
   916 | D:1      | Reached XP level 3. HP: 19/19 MP: 1/6
  1276 | D:1      | Reached skill level 1 in Armour
  2064 | D:2      | Reached skill level 1 in Long Blades
  2201 | D:2      | Reached skill level 1 in Fighting
  2201 | D:2      | Reached XP level 4. HP: 21/25 MP: 4/8
  2283 | D:2      | Found a basalt altar of Yredelemnul.
  2758 | D:2      | Reached XP level 5. HP: 29/29 MP: 1/9
  3258 | D:3      | Found a stormy altar of Qazlal.
  3349 | D:3      | Found a bloodstained altar of Trog.
  3349 | D:3      | Found a basalt altar of Yredelemnul.
  3886 | D:3      | Got the Tome of Clay
  4374 | D:4      | Reached skill level 5 in Conjurations
  4374 | D:4      | Reached XP level 6. HP: 35/35 MP: 3/10
  4588 | D:4      | Found Wonnoll's Weapon Shop.
  4591 | D:4      | Noticed a black bear
  4615 | D:4      | Killed a black bear
  4636 | D:4      | Reached XP level 7. HP: 12/40 MP: 1/12
  4863 | D:4      | Reached skill level 1 in Short Blades
  4933 | D:4      | Identified the +3 cloak "Ori Kurph" {rC+ Regen+ Str-2
                  | Slay+2}
  4941 | D:4      | Found a transporter.
  4944 | D:4      | Noticed hannobal's ghost (amateur DjIE)
  4989 | D:4      | Found a transporter.
  5237 | D:4      | Noticed Edmund
  5253 | D:4      | Killed Edmund
  5644 | D:5      | Entered Level 5 of the Dungeon
  5666 | D:5      | Reached XP level 8. HP: 42/46 MP: 13/13
  5700 | D:5      | Noticed Prince Ribbit
  5853 | D:5      | Noticed Grinder
  5862 | D:5      | Killed Grinder
  6019 | D:5      | Killed Prince Ribbit
  6020 | D:5      | Reached skill level 5 in Long Blades
  6349 | D:5      | Found a burning altar of Makhleb.
  6566 | D:5      | Reached skill level 5 in Armour
  6610 | D:5      | Found an ancient bone altar of Kikubaaqudgha.
  6620 | D:5      | Reached XP level 9. HP: 52/52 MP: 15/15
  6684 | D:5      | Reached skill level 5 in Fighting
  6723 | D:5      | Found a staircase to the Ecumenical Temple.
  6731 | Temple   | Entered the Ecumenical Temple
  6752 | Temple   | Became a worshipper of the Shining One
  6836 | D:6      | Noticed a red ugly thing
  6856 | D:6      | Killed a red ugly thing
  6857 | D:6      | Reached skill level 1 in Invocations
  7057 | D:6      | Found a glowing drain.
  7066 | Sewer    | Entered a sewer
  8241 | D:6      | Found a runed translucent door.
  8241 | D:6      | Noticed AuftragZ's ghost (novice DrCj)
  8275 | D:6      | Killed AuftragZ's ghost
  8857 | D:7      | Found a hazy altar of Hepliaklqana.
  8858 | D:7      | Found a shimmering altar of Xom.
  8858 | D:7      | Noticed a troll
  8859 | D:7      | Noticed a spectral ugly thing
  9041 | D:7      | Noticed a boulder beetle
  9242 | D:7      | Slain by a boulder beetle

Illustrated notes

Levels and vault maps discovered:
D:1:      elethiomel_arrival_shortcut, layout_loops_cross,
          nicolae_ecumenical_snake_handling, grunt_decor_mini_mirrors,
          feat_on_display
D:2:      layout_loops_ring, basic_altar, minmay_crystal_room, st_stairs_12
D:3:      layout_basic, mainiacjoe_overflow_24_doors,
          gammafunk_temple_overflow_wave, serial_corexii_hall,
          corexii_hall_statues_t, corexii_hall_statues_u,
          kennysheep_generic_room_9
D:4:      minmay_clustersquares, layout_rooms, serial_shops,
          nicolae_shop_bloodbath_and_beyond, gammafunk_ghost_stat_death,
          amcnicky_mini_pool_small, uniq_edmund
D:5:      layout_rooms, lemuel_mausoleum_altar_kikubaaqudgha,
          lemuel_round_altar, minmay_temple_entry_junction, nrook_pool_corridor,
          uniq_grinder, uniq_prince_ribbit1
D:6:      layout_gridville, cheibrodos_sewer_entry_drain,
          hellmonk_ghost_happy_afterlife, minmay_manual_mail
D:7:      layout_cave_pods, regret_index_temple_of_mockery
Temple:   eino_wide_crystal_templ

Skill      XL: |  1  2  3  4  5  6  7  8  9 |
---------------+----------------------------+-----
Armour         | 1 2 4 5 |  5.8
Long Blades    | 1 2 3 5 6 |  6.8
Fighting       | 1 2 3 4 6 |  6.0
Spellcasting   | 3 4 |  4.9
Conjurations   | 5 6 |  6.4
Dodging        | 2 |  2.6
Short Blades   | 1 |  1.1
Invocations    | 2 |  2.5
Stealth        | |  2.6

Action                   |  1- 3 |  4- 6 |  7- 9 || total
-------------------------+-------+-------+-------++-------
Melee: Unarmed           |    23 |       |       ||    23
       Dagger            |    16 |     6 |       ||    22
       Short sword       |    14 |    21 |       ||    35
       Punch             |       |     1 |     2 ||     3
       Falchion          |       |    18 |   259 ||   277
Throw: Dart              |       |       |     6 ||     6
 Cast: Magic Dart        |    44 |    63 |   108 ||   215
       Searing Ray       |    13 |    16 |    36 ||    65
  Use: Scroll            |     1 |     7 |    10 ||    18
       Potion            |       |     1 |     6 ||     7
 Stab: Sleeping          |       |     1 |       ||     1
Armor: Robe              |    10 |       |       ||    10
       Leather armour    |     8 |    24 |       ||    32
       Skin              |     3 |       |       ||     3
       Scale mail        |       |    35 |   173 ||   208
Dodge: Dodged            |    48 |    53 |   131 ||   232
